 Dungeon Crawl Stone Soup version 0.31-a0-618-g7ca08c1ff9 (webtiles) character file.

Game seed: 3871440924834006571

625 jlumianski the Magician (level 7, -1/46 HPs)
             Began as a Djinni Fire Elementalist on Aug 23, 2023.
             Was a Follower of Hepliaklqana.
             Slain by Duvessa
             ... wielding a +3 rapier of speed
              (16 damage)
             ... on level 3 of the Dungeon.
             The game lasted 00:20:06 (4018 turns).

jlumianski the Magician (Djinni Fire Elementalist)  Turns: 4018, Time: 00:20:06

Health: -1/46      AC:  6    Str: 13    XL:     7   Next: 76%
Gold:   171        EV: 13    Int: 19    God:    Hepliaklqana [*.....] SH:  0 Dex: 13

rFire   + + .        t - staff of conjuration
rCold   x . .        (no shield)
rNeg    . . .        a - +0 robe
rPois   ∞            p - +1 hat
rElec   .            y - +2 cloak
rCorr   .            (no gloves)
SInv    .            (boots unavailable)
Will    .....        (no amulet)
Stlth   ++           b - +4 ring of slaying
HPRegen 0.27/turn    s - +6 ring of strength
MPRegen 0.00/turn

%: infuse magic (-2 HP)
@: flying
A: reduced essence, sickness immunity, fire resistance 2, cold vulnerability 1,
float, innate caster, HP casting, extra vitality 1
a: Renounce Religion, Recall Ancestor, Ancestor Identity


You were on level 3 of the Dungeon.
You worshipped Hepliaklqana.
Hepliaklqana was aware of your devotion.
You visited 2 branches of the dungeon, and saw 6 of its levels.

You collected 171 gold pieces.

Inventory:

Hand Weapons
 d - a +0 dagger
 m - a +0 quarterstaff
 u - a +0 orcbow
 x - a +2 quarterstaff of chaos
Missiles
 k - 8 poisoned darts
Armour
 a - a +0 robe (worn)
 p - a +1 hat (worn)
 y - a +2 cloak (worn)
Magical Staves
 t - a staff of conjuration (weapon)
Jewellery
 b - a +4 ring of slaying (left hand)
 s - a +6 ring of strength (right hand)
Wands
 v - a wand of digging (2)
Scrolls
 f - 2 scrolls of immolation
 h - a scroll of vulnerability
 q - a scroll of poison
 r - a scroll of fear
Potions
 c - a potion of mutation
 e - a potion of invisibility {unknown}
 g - 2 potions of heal wounds
 i - 2 potions of lignification {unknown}
 j - a potion of cancellation {unknown}
 l - 2 potions of curing
 n - a potion of attraction {unknown}
 w - a potion of enlightenment {unknown}


   Skills:
 * Level 4.2 Fighting
 - Level 1.3 Short Blades
 + Level 0.2 Staves
 + Level 3.4 Dodging
 + Level 2.9 Stealth
 * Level 4.6 Spellcasting
 * Level 4.6 Conjurations
 * Level 4.6 Hexes
 * Level 4.6 Summonings
 * Level 4.6 Necromancy
 * Level 4.6 Translocations
 * Level 4.6 Transmutations
 * Level 4.6 Fire Magic
 * Level 4.6 Ice Magic
 * Level 4.6 Air Magic
 * Level 4.6 Earth Magic
 * Level 4.6 Poison Magic


You knew the following spells:

 Your Spells              Type           Power      Damage    Failure   Level
a - Foxfire               Conj/Fire      100%       2x1d9     1%          1
b - Scorch                Fire           44%        2d6       2%          2
c - Volatile Blastmotes   Fire/Tloc      44%        2d13      5%          3
d - Inner Flame           Hex/Fire       22%        N/A       5%          3
e - Flame Wave            Conj/Fire      33%        2d10      19%         4
f - Summon Small Mammal   Summ           88%        N/A       1%          1
g - Poisonous Vapours     Pois/Air       44%        N/A       2%          2
h - Portal Projectile     Hex/Tloc       44%        N/A       5%          3
Your spell library was empty.

Dungeon Overview and Level Annotations

Branches:
Dungeon (5/15)             Temple (1/1) D:4

Altars:
Ashenzari
Cheibriados
Dithmenos
Elyvilon
Fedhas
Gozag
Hepliaklqana
Makhleb
Okawaru
Qazlal
Ru
Trog
Uskayaw
Xom
Zin
The Shining One

Annotations:
D:3 Duvessa, Robin


Innate Abilities, Weirdness & Mutations

Your life essence is reduced to manifest your ancestor. (-10% HP)
You are immune to sickness and miasma.
You are immune to poison.
Your flesh is very heat resistant. (rF++)
You are vulnerable to cold. (rC-)
You float through the air rather than walking.
You learn spells naturally, not from books.
Your magical power is your life essence.
You have superior vitality. (+4 MHP)


Message History

Flames lash Dowan.
Dowan is lightly wounded.
Dowan's fire resistance burns away.
Duvessa hits Cipactli with a +3 rapier of speed!
Dowan gestures at you while chanting. The puff of flame hits you. You resist.
Duvessa hits Cipactli with a +3 rapier of speed!
Cipactli hits Duvessa.
Casting: Scorch (safe; 3% risk of failure)
Confirm with . or Enter, or press ? or * to list all spells.
You feel a surge of power!
You conjure some foxfire!
Dowan hits Cipactli with a +2 dagger of speed!
Cipactli is destroyed!
Casting: Foxfire (safe; 1% risk of failure)
Confirm with . or Enter, or press ? or * to list all spells.
Flames lash Dowan.
Dowan is burned terribly!
Dowan is severely wounded.
The foxfire hits Duvessa but does no damage.
Duvessa is lightly wounded.
The foxfire hits Duvessa but does no damage.
Duvessa is lightly wounded.
Dowan gestures wildly while chanting.
Dowan blinks!
Casting: Scorch (safe; 3% risk of failure)
Confirm with . or Enter, or press ? or * to list all spells.
Flames lash Duvessa but do no damage.
Duvessa hits you with a +3 rapier of speed.
Casting: Scorch (safe; 3% risk of failure)
Confirm with . or Enter, or press ? or * to list all spells.
Flames lash Dowan.
Dowan is burned terribly!
You kill Dowan!
Duvessa weeps, and shakes her weapon.
Duvessa goes berserk!
Duvessa hits you with a +3 rapier of speed!!
* * * LOW HITPOINT WARNING * * *
Duvessa completely misses you.
You feel much better.
Duvessa hits you with a +3 rapier of speed.
Duvessa hits you with a +3 rapier of speed! x2
You die...

#e# #(# ##.## #.# #...# #.#
###...### #.# #.......#
###.######### #######.......#
###)...........
#.............###.)...#########
#.######..<..###.#.)###
#.##..........@.###)#
#.##..######..e..#)## #.##..#
#....#.## #.##..# ###...)#)##
#.##..####.........#
#.#................#####
#..................)...#
###...#######......###.# #...#
#...#.## #.#


You could see Duvessa (berserk, very poisoned).

Vanquished Creatures
  Sigmund (D:4)
  A sky beast (D:4)
  A black bear (D:4)
  Dowan (D:3)
  2 orc priests (D:2)
  A hound (D:3)
  Crazy Yiuf (D:4)
  An orc wizard (D:3)
  2 adders (D:2)
  A worm (D:2)
  11 orcs
  7 endoplasms
  21 goblins
  5 hobgoblins
  2 quokkas (D:3)
  4 ball pythons
  A bat (D:2)
  A kobold (D:1)
  2 rats (D:1)
66 creatures vanquished.

Vanquished Creatures (others)
  An ancestor (D:3)
  140 foxfires
141 creatures vanquished.

Grand Total: 207 creatures vanquished

Notes
Turn   | Place    | Note
-------+----------+-------------------------------------------
     0 | D:1      | jlumianski the Djinni Fire Elementalist began the quest for
                  | the Orb.
     0 | D:1      | jlumianski set off with the following spells memorised:
                  | Foxfire, Scorch, Volatile Blastmotes, Inner Flame, Flame
                  | Wave.
     0 | D:1      | Reached XP level 1. HP: 15/15 MP: 0/0
   332 | D:1      | Reached XP level 2. HP: 19/21 MP: 0/0
  1120 | D:2      | Reached XP level 3. HP: 15/26 MP: 0/0
  1120 | D:2      | Learned a level 1 spell: Summon Small Mammal
  1260 | D:2      | Found a hazy altar of Hepliaklqana.
  1292 | D:2      | Became a worshipper of Hepliaklqana the Forgotten
  1304 | D:2      | Reached skill level 1 in Fighting
  1304 | D:2      | Reached skill level 1 in Short Blades
  1541 | D:2      | Reached XP level 4. HP: 9/32 MP: 0/0
  1657 | D:2      | Reached XP level 5. HP: 17/38 MP: 0/0
  1657 | D:2      | Learned a level 2 spell: Poisonous Vapours
  1886 | D:3      | Noticed Robin
  1989 | D:3      | Found a sacrificial altar of Ru.
  2162 | D:3      | Reached XP level 6. HP: 42/45 MP: 0/0
  2305 | D:4      | Found a runed translucent door.
  2306 | D:4      | Noticed Crazy Yiuf
  2440 | D:4      | Noticed Duvessa
  2440 | D:4      | Noticed Dowan
  3222 | D:5      | Entered Level 5 of the Dungeon
  3240 | D:4      | Noticed a black bear
  3271 | D:4      | Killed a black bear
  3304 | D:4      | Found a staircase to the Ecumenical Temple.
  3339 | D:4      | Noticed Sigmund
  3347 | Temple   | Entered the Ecumenical Temple
  3370 | D:4      | Noticed a sky beast
  3374 | D:4      | Killed Sigmund
  3375 | D:4      | Reached XP level 7. HP: 46/51 MP: 0/0
  3375 | D:4      | Learned a level 3 spell: Portal Projectile
  3617 | D:5      | Found a snail-covered altar of Cheibriados.
  3622 | D:5      | Found a glowing silver altar of Zin.
  3675 | D:4      | Reached * piety under Hepliaklqana
  3888 | D:4      | Killed Crazy Yiuf
  4017 | D:3      | Killed Dowan
  4018 | D:3      | Slain by Duvessa

Illustrated notes

Levels and vault maps discovered:
D:1:      minmay_arrival_doors, layout_basic, minmay_cupped
D:2:      layout_rooms, basic_altar
D:3:      layout_loops_ring, nicolae_ru_the_path_less_chosen, uniq_robin
D:4:      layout_basic, minmay_temple_entry_tees, uniq_sigmund,
          uniq_crazy_yiuf_cottage, uniq_duvessa
D:5:      layout_basic, nicolae_wu_jian_immortal_techniques,
          grunt_temple_overflow_open
Temple:   dpeg_chambers_temple

Skill      XL: |  1  2  3  4  5  6  7 |
---------------+----------------------+-----
Spellcasting   | 4 |  4.6
Conjurations   | 4 |  4.6
Hexes          | 4 |  4.6
Summonings     | 4 |  4.6
Necromancy     | 4 |  4.6
Translocations | 4 |  4.6
Transmutations | 4 |  4.6
Fire Magic     | 4 |  4.6
Ice Magic      | 4 |  4.6
Air Magic      | 4 |  4.6
Earth Magic    | 4 |  4.6
Poison Magic   | 4 |  4.6
Fighting       | 1 2 3 4 |  4.2
Short Blades   | 1 |  1.3
Stealth        | 2 |  2.9
Dodging        | 3 |  3.4
Staves         | |  0.2

Action                     |  1- 3 |  4- 6 |  7- 9 || total
---------------------------+-------+-------+-------++-------
  Melee: Unarmed           |     1 |       |       ||     1
         Dagger            |    24 |       |       ||    24
         Staff             |       |    26 |     2 ||    28
         Punch             |       |     3 |       ||     3
   Cast: Foxfire           |    27 |    45 |     3 ||    75
         Summon Small Mamm |     3 |     5 |       ||     8
         Scorch            |       |    13 |     7 ||    20
         Volatile Blastmot |       |     4 |     1 ||     5
         Poisonous Vapours |       |     2 |     4 ||     6
    Use: Scroll            |       |     7 |     3 ||    10
         Potion            |       |     2 |     1 ||     3
   Stab: Sleeping          |     2 |       |       ||     2
 Armour: Robe              |     3 |     7 |     2 ||    12
  Dodge: Dodged            |    14 |    31 |     9 ||    54

Table legend: (Time is in decaauts)
 A = Elapsed time spent in this place.
 B = Non-inter-level travel time spent in this place.
 C = Inter-level travel time spent in this place.
 D = Time resting spent in this place.
 E = Time spent auto-exploring this place.
 F = Levels seen in this place.
 G = Mean time per level.
                   A        B        C        D        E       F      G
               +--------+--------+--------+--------+--------+-----+--------+
         Total |   4038 |   3983 |     55 |    859 |   1780 |   6 |  673.0 |
       Dungeon |   4000 |   3945 |     55 |    833 |   1780 |   5 |  800.0 |
        Temple |     38 |     38 |      0 |     26 |      0 |   1 |   38.0 |
               +--------+--------+--------+--------+--------+-----+--------+

Top non-repeatable levels by time:
     D:3: 1321 daAuts
     D:4: 1027 daAuts
     D:2: 857 daAuts
     D:1: 755 daAuts
     D:5: 38 daAuts
  Temple: 38 daAuts
